 Dungeon Crawl Stone Soup version 0.31.0-32-g396128a36d (webtiles) character file.

Game seed: 5140862787242824972

112168 PaiMei the Lord of Darkness (level 16, -2/125 HPs)
             Began as a Demonspawn Necromancer on Apr 24, 2024.
             Was the Champion of Kikubaaqudgha.
             Slain by a +4 vampiric glaive (16 damage)
             ... on level 1 of the Elven Halls.
             The game lasted 01:35:31 (43646 turns).

PaiMei the Lord of Darkness (DsNe)                 Turns: 43646, Time: 01:35:32

Health: -2/125     AC: 13    Str:  5 (8)  XL:     16   Next: 11%
Magic:  26/33      EV: 21    Int: 22 (24) God:    Kikubaaqudgha [******]
Gold:   1472       SH:  5    Dex: 16 (20) Spells: 10/42 levels left

rFire   . . .        q - +2 trident (vamp)
rCold   . . .        Z - +0 buckler
rNeg    . . .        X - +0 troll leather armour
rPois   .            (helmet unavailable)
rElec   .            L - +0 cloak
rCorr   .            F - +2 pair of gloves
SInv    +            r - +2 pair of boots
Will    +....        f - amulet of regeneration
Stlth   ++           h - +5 ring of evasion
HPRegen 2.00/turn    o - +6 ring of dexterity
MPRegen 0.23/turn

%: no passive effects
@: about to teleport
A: antennae 3, slimy green scales 2, demonic guardian 2, spiny 3, deformed body,
deterioration 1
a: Renounce Religion, Unearth Wretches, Torment


You were on level 1 of the Elven Halls.
You worshipped Kikubaaqudgha.
Kikubaaqudgha was exalted by your worship.
You visited 5 branches of the dungeon, and saw 24 of its levels.
You also visited: Bailey.

You collected 2298 gold pieces.
You spent 826 gold pieces at shops.

Inventory:

Hand Weapons
 q - a +2 vampiric trident (weapon)
 O - the +6 sling "Lauch" {flame, rC- rN+ Dex+4}
   (You found it on level 2 of the Lair of Beasts)

   Dex+4:     It affects your dexterity (+4).
   rC-:       It makes you vulnerable to cold.
   rN+:       It protects you from negative energy.
Missiles
 g - 2 atropa-tipped darts (quivered)
Armour
 l - a +2 robe of positive energy
 r - a +2 pair of boots (worn)
 F - a +2 pair of gloves (worn)
 L - a +0 cloak (worn)
 U - the +5 scale mail of the Harp {Str+4}
   (You found it on level 5 of the Lair of Beasts)

   Str+4:     It affects your strength (+4).
 X - a +0 troll leather armour (worn)
 Z - a +0 buckler (worn)
Jewellery
 f - an amulet of regeneration (around neck)
 h - a +5 ring of evasion (left hand)
 k - the ring of Vomi Asat {+Blink rN+ Str+3 SInv}
   (You found it on level 15 of the Dungeon)

   [ring of positive energy]

   Str+3:     It affects your strength (+3).
   rN+:       It protects you from negative energy.
   SInv:      It lets you see invisible.
   +Blink:    It lets you blink.
 o - a +6 ring of dexterity (right hand)
 w - a ring of protection from fire
 A - a +5 ring of evasion
 G - the ring "Ukyegh" {Ice Will++}
   (You found it on level 5 of the Lair of Beasts)

   [ring of ice]

   Ice:       It enhances your ice magic.
   rF-:       It makes you vulnerable to fire.
   rC+:       It protects you from cold.
   Will++:    It greatly increases your willpower.
 T - a ring of positive energy
Wands
 c - a wand of paralysis (6)
 d - a wand of flame (15)
 y - a wand of iceblast (4)
 N - a wand of acid (7)
 Q - a wand of mindburst (10)
 V - a wand of digging (14)
 Y - a wand of polymorph (2)
Scrolls
 a - 2 scrolls of butterflies
 j - 6 scrolls of teleportation
 m - 5 scrolls of vulnerability
 n - 2 scrolls of silence
 p - 4 scrolls of fog
 s - 3 scrolls of fear
 t - 4 scrolls of enchant weapon
 u - a scroll of brand weapon
 v - a scroll of blinking
 x - 3 scrolls of poison
 C - 6 scrolls of revelation
 I - 2 scrolls of enchant armour
 R - 4 scrolls of immolation
 S - 4 scrolls of amnesia
Potions
 b - 4 potions of magic
 e - 2 potions of brilliance
 i - 5 potions of berserk rage
 z - 4 potions of heal wounds
 B - 4 potions of lignification
 D - 2 potions of might
 E - 4 potions of enlightenment
 H - 6 potions of curing
 P - 2 potions of haste
 W - a potion of degeneration {unknown}
Miscellaneous
 K - a sack of spiders


   Skills:
 - Level 11.1 Fighting
 + Level 6.8 Armour
 - Level 12.0 Dodging
 - Level 2.0 Stealth
 - Level 3.2 Shields
 + Level 13.8 Spellcasting
 + Level 16.5 Necromancy
 - Level 7.0 Earth Magic
 + Level 6.0 Evocations


You had 10 spell levels left.
You knew the following spells:

 Your Spells              Type           Power      Damage    Failure   Level
a - Necrotise             Necr           100%       1d9       0%          1
b - Vampiric Draining     Necr           73%        2d11      1%          3
c - Animate Dead          Necr           73%        N/A       1%          4
d - Curse of Agony        Necr           73%        N/A       1%          5
e - Borgnjor's Vile Clut  Necr/Erth      30%        N/A       2%          5
f - Anguish               Hex/Necr       25%        N/A       3%          4
g - Martyr's Knell        Necr/Summ      51%        N/A       3%          4
h - Death Channel         Necr           36%        N/A       1%          6

Your spell library contained the following spells:

 Spells                   Type           Power      Damage    Failure   Level
 Kiss of Death            Conj/Necr      100%       2d13      1%          1
 Sandblast                Erth           92%        2d19      1%          1
 Cigotuvi's Dreadful Rot  Necr/Alch/Air  78%        N/A       1%          2
 Sublimation of Blood     Necr           73%        N/A       1%          2
 Fugue of the Fallen      Necr           73%        N/A       1%          3
 Passwall                 Erth           46%        N/A       1%          3
 Stone Arrow              Conj/Erth      60%        3d10      8%          3
 Magic Dart               Conj           60%        1d6       11%         1
 Blink                    Tloc           30%        N/A       17%         2
 Call Imp                 Summ           30%        N/A       17%         2
 Scorch                   Fire           30%        2d6       17%         2
 Lee's Rapid Deconstruct  Erth           23%        3d13*     17%         5
 Brom's Barrelling Bould  Conj/Erth      30%        2d5       26%         4
 Leda's Liquefaction      Alch/Erth      15%        N/A       26%         4
 Petrify                  Alch/Erth      30%        N/A       26%         4
 Borgnjor's Revivificati  Necr           36%        N/A       63%         8
 Infestation              Necr           36%        N/A       63%         8
 Flame Wave               Conj/Fire      15%        2d7       73%         4
 Vhi's Electric Charge    Tloc/Air       30%        N/A       73%         4
 Alistair's Intoxication  Alch           10%        N/A       97%         5
 Arcjolt                  Conj/Air       7%         1d17      97%         5
 Irradiate                Conj/Alch      7%         3d14      97%         5
 Haunt                    Necr/Summ      25%        N/A       97%         7
 Bombard                  Conj/Erth      15%        9d3       99%         6
 Eringya's Noxious Bog    Alch           7%         4d6       100%        6
 Summon Cactus Giant      Summ           7%         N/A       100%        6
 Summon Hydra             Summ           7%         N/A       100%        7
 Maxwell's Capacitive Co  Air            7%         ∞         100%        8
 Death's Door             Necr           36%        N/A       100%        9


Dungeon Overview and Level Annotations

Branches:
Dungeon (15/15)            Temple (1/1) D:4            Lair (5/5) D:10
 Shoals (0/4) Lair:2       Spider (0/4) Lair:2        Slime (0/5) Lair:5
    Orc (2/2) D:10            Elf (1/3) Orc:2        Vaults (0/5) D:14
 Depths (0/4) D:15         Bailey (visited)

Altars:
Ashenzari
Cheibriados
Dithmenos
Fedhas
Gozag
Hepliaklqana
Kikubaaqudgha
Makhleb
Nemelex Xobeh
Okawaru
Qazlal
Ru
Sif Muna
Trog
Uskayaw
Vehumet
Wu Jian
Xom
Yredelemnul
Jiyva

Shops:
D:1 *   D:4 *   D:5 **!(:   D:6 *   D:13 [*   D:15 :   Orc:2 [([:   Elf:1 ([?*=

Annotations:
D:4 Eustachio
D:9 Erica
D:15 3 runed translucent doors, Byod's ghost, journeyman DrBe
Lair:1 4 runed translucent doors, SubTonic's ghost, journeyman HOFi
Lair:5 2 transporters, MuppetCentipede's ghost, journeyman MiMo


Innate Abilities, Weirdness & Mutations

You have a pair of large antennae on your head. (SInv)
You are mostly covered in slimy green scales. (AC +3)
A demonic guardian rushes to your aid.
You are completely covered in sharp spines.
Armour fits poorly on your strangely shaped body.
Your body sometimes deteriorates upon taking damage.


Message History

The +4 vampiric glaive hits you! x2
The +4 vampiric glaive draws strength from your wounds!
You miss the +4 vampiric glaive.
The +4 vampiric glaive closely misses you.
Casting: Borgnjor's Vile Clutch (dangerous; 2% risk of failure)
Confirm with . or Enter, or press ? or * to list all spells.
Aiming: Borgnjor's Vile Clutch (dangerous; 2% risk of failure)
Press: ? - help, Shift-Dir - straight line, f/p - +4 vampiric glaive
Aim: a +4 vampiric glaive (100% to hit)
Zombie hands grab the +4 vampiric glaive.
The zombie hands constrict the +4 vampiric glaive.
The +4 vampiric glaive hits you!
You barely miss the +4 vampiric glaive.
The zombie hands constrict the +4 vampiric glaive!
The +4 vampiric glaive is struck by your spines.
The +4 vampiric glaive misses you.
The +4 vampiric glaive hits you but does no damage.
You hit the +4 vampiric glaive but do no damage.
The +4 vampiric glaive is moderately damaged.
The zombie hands constrict the +4 vampiric glaive, but do no damage.
The +4 vampiric glaive is struck by your spines.
The +4 vampiric glaive hits you!!
* * * LOW HITPOINT WARNING * * *
The +4 vampiric glaive draws strength from your wounds!
Casting: Borgnjor's Vile Clutch (dangerous; 2% risk of failure)
Confirm with . or Enter, or press ? or * to list all spells.
You can't see any susceptible monsters within range! (Use Z to cast anyway.)
As you read the scroll of teleportation, it crumbles to dust.
You feel strangely unstable.
The zombie hands constrict the +4 vampiric glaive.
You block the +4 vampiric glaive's attack.
The +4 vampiric glaive is struck by your spines.
The +4 vampiric glaive hits you!!
* * * LOW HITPOINT WARNING * * *
A demonic guardian appears!
The +4 vampiric glaive draws strength from your wounds!
The zombie hands constrict the +4 vampiric glaive.
The +4 vampiric glaive hits you from afar!
You die...
Kikubaaqudgha rasps: "You have failed me!
Welcome... death!"

# #### . ..# ##
#.# ###
##.##.#####.##
#.#...@.(..#.###
#####
###..###3###..#
....#
.##.#.#.####.#..(#
,
###.####.........#
##....'......
.......#########.#
#.#..'.#.#.#
.#####.## #.#
#.#..'... .# #..#
#.# #....##..# .#
#..# #.# ####.#
### .# #..# #.#
##'## ###


You could see a +4 vampiric glaive (clutched, ally target) and a friendly smoke
demon (summoned).

Vanquished Creatures
  A deep elf sorcerer (Elf:1)
  3 vault guards (D:14)
  A catoblepas (Lair:4)
  5 two-headed ogres
  A hydra (Lair:4)
  2 boulder beetles (D:11)
  4 centaur warriors
  3 dancing weapons (Elf:1)
  A death yak (Lair:5)
  2 tengu warriors
  An orc high priest (Elf:1)
  Nergalle (Lair:1)
  3 deep elf knights (Elf:1)
  A skyshark (Lair:5)
  3 deep elf archers (Elf:1)
  Pikel (D:5)
  3 orc knights
  2 lindwurms
  10 deep elf pyromancers
  3 deep elf zephyrmancers (Elf:1)
  A sphinx simulacrum (D:15)
  A harpy (shapeshifter) (D:14)
  9 ugly things
  A cyclops (D:11)
  3 manticores
  7 meliai
  4 black mambas
  14 elephants
  4 kobold blastminers
  A torpor snail (Lair:3)
  An unseen horror (D:10)
  8 cane toads
  A gargoyle (D:13)
  An ice devil (D:12)
  A yaktaur (D:15)
  A queen bee (shapeshifter) (D:13)
  4 komodo dragons
  A hellwing (D:12)
  4 trolls
  A wind drake (Lair:2)
  A troll (shapeshifter) (D:15)
  A polar bear (D:9)
  6 blink frogs
  12 slime creatures
  An air elemental (Elf:1)
  4 water elementals
  A shadow (D:12)
  3 wyverns
  4 wraiths
  2 vampires
  A hog (shapeshifter) (D:15)
  19 yaks
  4 steam dragons
  4 basilisks
  2 wargs (Orc:2)
  2 neqoxecs (D:12)
  Menkaure (D:7)
  4 vampire mosquitoes (D:14)
  Edmund (D:5)
  A chaos spawn (D:12)
  15 water moccasins
  2 acid dragons
  A meliai simulacrum (D:14)
  2 ice beasts
  6 sky beasts
  4 black bears
  38 orc warriors
  10 ogres
  2 laughing skulls (D:14)
  17 wolves
  A phantom (D:7)
  15 centaurs
  11 bullfrogs
  3 scorpions
  9 wights
  5 killer bees (Lair:2)
  3 jellies
  4 hounds
  2 bombardier beetles (D:6)
  Crazy Yiuf (D:4)
  A gnoll bouda (D:10)
  25 orc priests
  Jessica (D:3)
  4 iguanas
  19 orc wizards
  3 hell rats
  5 gnolls (D:10)
  8 adders
  8 river rats (D:6)
  3 white imps
  4 ufetubi
  2 dart slugs
  92 orcs
  3 bats
  4 endoplasms
  2 giant cockroaches (D:1)
  7 hobgoblins
  3 jackals (D:2)
  9 quokkas
  5 ball pythons
  3 frilled lizards
  7 goblins
  4 kobolds
  17 rats
583 creatures vanquished.

Vanquished Creatures (collateral kills)
  Jorgrun (Orc:2)
  Gastronok (Lair:1)
  Josephine (Orc:2)
  3 vault guards (D:13)
  A hydra (Lair:5)
  A catoblepas (Lair:5)
  A deep troll shaman (Lair:5)
  2 death yaks (Lair:5)
  An orc high priest (Orc:2)
  3 orc knights
  An ugly thing (D:15)
  2 deep elf pyromancers (Elf:1)
  9 elephants
  4 cane toads
  2 black mambas
  An orange demon (D:12)
  3 rime drakes
  2 komodo dragons (Lair:4)
  An efreet (D:15)
  2 ice devils (Lair:4)
  2 polar bears
  3 dream sheep (Lair:3)
  7 blink frogs (Lair:5)
  3 slime creatures
  A shadow (D:12)
  5 wraiths
  20 yaks
  2 wyverns
  Grum (D:11)
  3 basilisks
  3 vampire mosquitoes (D:12)
  2 water moccasins
  2 ice beasts (D:10)
  8 orc warriors
  2 ogres (Orc:2)
  3 wolves
  2 bullfrogs (Lair:3)
  An earth elemental (Elf:1)
  2 orc priests (Orc:2)
  A jelly (Lair:5)
  7 orc wizards
  4 hell rats (Lair:2)
  11 orcs
  A jackal (D:2)
  A rat (D:6)
139 creatures vanquished.

Vanquished Creatures (others)
  Saint Roka (Orc:1)
  Rupert (D:13)
  2 orc warlords
  A deep elf high priest (Elf:1)
  2 ice dragons (D:15)
  2 vault guards
  A hydra (D:14)
  An orc knight (Orc:2)
  An ugly thing (D:13)
  An orc sorcerer (Orc:2)
  2 manticores
  A kobold blastminer (Orc:2)
  A troll (D:13)
  A skyshark zombie (Lair:5)
  2 two-headed ogre zombies (Elf:1)
  2 cane toad zombies (Lair:5)
  2 orc warriors (Orc:2)
  An elephant zombie (Lair:2)
  2 blink frog zombies (Lair:5)
  2 manticore zombies
  A centaur (D:14)
  2 rime drake zombies
  2 komodo dragon zombies
  2 warg zombies (Orc:2)
  2 wyvern zombies
  3 water moccasin zombies
  A cyclops zombie (D:11)
  9 yak zombies
  2 troll zombies
  3 wolf zombies
  5 bullfrog zombies
  2 basilisk zombies
  An orc priest (Orc:2)
  An ogre zombie (Orc:2)
  A sky beast zombie (D:8)
  27 orc zombies
  3 orcs (Orc:2)
96 creatures vanquished.

Grand Total: 818 creatures vanquished

Notes
Turn   | Place    | Note
-------+----------+-------------------------------------------
     0 | D:1      | PaiMei the Demonspawn Necromancer began the quest for the
                  | Orb.
     0 | D:1      | Reached XP level 1. HP: 13/13 MP: 3/3
    51 | D:1      | Found Zoikusm Qegi's Assorted Antiques.
   534 | D:1      | Gained mutation: You are partially covered in sharp spines.
                  | [demonic ancestry]
   534 | D:1      | Reached XP level 2. HP: 19/19 MP: 3/5
  1600 | D:2      | Gained mutation: A weak demonic guardian rushes to your
                  | aid. [demonic ancestry]
  1600 | D:2      | Reached XP level 3. HP: 24/25 MP: 2/6
  1604 | D:2      | Learned a level 3 spell: Vampiric Draining
  1947 | D:2      | Reached skill level 1 in Fighting
  2603 | D:3      | Reached XP level 4. HP: 32/32 MP: 5/7
  2738 | D:3      | Noticed Jessica
  2740 | D:3      | Killed Jessica
  2741 | D:3      | Reached skill level 5 in Necromancy
  3086 | D:3      | Found a faded altar of an unknown god.
  3246 | D:4      | Found a staircase to the Ecumenical Temple.
  3303 | Temple   | Entered the Ecumenical Temple
  3341 | D:4      | Found Zin's Purification Station.
  3417 | D:4      | Noticed a black bear
  3446 | D:4      | Reached XP level 5. HP: 38/38 MP: 0/9
  3583 | D:4      | Noticed Eustachio
  4097 | D:4      | Found a runed translucent door.
  4098 | D:4      | Noticed Crazy Yiuf
  4174 | D:5      | Entered Level 5 of the Dungeon
  4174 | D:5      | Found Ler Mant's Antique Weapon Boutique.
  4193 | D:5      | Found a sparkling altar of Nemelex Xobeh.
  4238 | D:5      | Found Qededaf's Book Emporium.
  4335 | D:5      | Noticed a black bear
  4523 | D:5      | Noticed an ogre
  4577 | D:5      | Reached XP level 6. HP: 46/46 MP: 4/10
  4659 | D:5      | Noticed Pikel
  5052 | D:5      | Noticed an ice beast
  5065 | D:5      | Killed an ice beast
  5066 | D:5      | Reached skill level 6 in Necromancy
  5066 | D:5      | Gained mutation: You are partially covered in slimy green
                  | scales. (AC +2) [demonic ancestry]
  5066 | D:5      | Reached XP level 7. HP: 52/52 MP: 1/12
  5195 | D:5      | Killed Pikel
  5466 | D:5      | Found Xuzeklomys's Specific Store.
  5469 | D:5      | Found Lasegab's General Store.
  5478 | D:5      | Bought a scroll of teleportation for 30 gold pieces
  5609 | D:5      | Reached XP level 8. HP: 61/61 MP: 3/15
  5698 | D:5      | Found Tefal's Distillery.
  5701 | D:5      | Bought a potion of curing for 39 gold pieces
  5701 | D:5      | Bought a potion of heal wounds for 65 gold pieces
  5757 | D:5      | Noticed Edmund
  5758 | D:5      | Found a hide-covered altar of Uskayaw.
  5960 | D:6      | Found a snail-covered altar of Cheibriados.
  5999 | D:6      | Reached skill level 7 in Necromancy
  6106 | D:6      | Found Xukus's Lightly-Used Armoury.
  6149 | D:6      | Reached skill level 5 in Spellcasting
  6205 | D:6      | Reached skill level 5 in Dodging
  6537 | D:6      | Reached skill level 5 in Fighting
  7537 | D:5      | Killed Edmund
  7760 | D:5      | Reached XP level 9. HP: 68/68 MP: 12/17
  7765 | D:5      | Learned a level 4 spell: Animate Dead
  7771 | D:5      | Learned a level 5 spell: Curse of Agony
  8326 | D:4      | Killed Crazy Yiuf
  8327 | D:4      | Reached skill level 8 in Necromancy
  8842 | D:7      | Noticed Menkaure
  9420 | D:7      | Found an ancient bone altar of Kikubaaqudgha.
  9428 | D:7      | Became a worshipper of Kikubaaqudgha
  9634 | D:7      | Killed Menkaure
 10250 | D:8      | Reached skill level 9 in Necromancy
 10307 | D:8      | Found a radiant altar of Vehumet.
 10452 | D:8      | Found a flagged portal.
 10476 | Bailey   | Entered a bailey
 10813 | Bailey   | Noticed an orc knight
 10839 | D:8      | Gained mutation: You have a pair of small antennae on your
                  | head. [demonic ancestry]
 10839 | D:8      | Reached XP level 10. HP: 79/79 MP: 3/20
 11433 | D:8      | Found a stormy altar of Qazlal.
 12026 | D:9      | Reached * piety under Kikubaaqudgha
 12026 | D:9      | Received a gift from Kikubaaqudgha
 12698 | D:9      | Noticed Erica
 13102 | D:10     | Entered Level 10 of the Dungeon
 13102 | D:10     | Found a staircase to the Lair.
 13578 | D:10     | Noticed a two-headed ogre
 13589 | D:10     | Killed a two-headed ogre
 13590 | D:10     | Reached skill level 10 in Necromancy
 13755 | D:10     | Found a staircase to the Orcish Mines.
 14341 | D:10     | Reached ** piety under Kikubaaqudgha
 14732 | D:10     | Gained mutation: A demonic guardian rushes to your aid.
                  | [demonic ancestry]
 14732 | D:10     | Reached XP level 11. HP: 87/87 MP: 17/23
 15549 | D:11     | Noticed a purple ugly thing
 15566 | D:11     | Killed a purple ugly thing
 15608 | D:11     | Noticed a boulder beetle
 15698 | D:11     | Noticed a boulder beetle
 15718 | D:11     | Killed a boulder beetle
 15819 | D:11     | Killed a boulder beetle
 16181 | D:11     | Reached skill level 11 in Necromancy
 16271 | D:11     | Noticed Grum
 16271 | D:11     | Noticed a two-headed ogre
 16417 | D:11     | Killed Grum
 16620 | D:11     | Killed a two-headed ogre
 17530 | Lair:1   | Entered Level 1 of the Lair of Beasts
 17996 | Lair:1   | Noticed a dire elephant
 17996 | Lair:1   | Noticed a catoblepas
 18016 | Lair:1   | Found a runed translucent door.
 18100 | Lair:1   | Found a runed translucent gate.
 18172 | Lair:1   | Found a runed translucent gate.
 18172 | Lair:1   | Found a runed translucent gate.
 18180 | Lair:1   | Noticed SubTonic's ghost (journeyman HOFi)
 18186 | Lair:1   | Noticed Nergalle
 18199 | Lair:1   | Killed Nergalle
 18200 | Lair:1   | Gained mutation: You have a pair of antennae on your head.
                  | [demonic ancestry]
 18200 | Lair:1   | Reached XP level 12. HP: 90/97 MP: 11/25
 18412 | Lair:1   | Noticed Gastronok
 18520 | Lair:1   | Reached skill level 10 in Fighting
 18533 | Lair:1   | Killed Gastronok
 18534 | Lair:1   | Reached skill level 12 in Necromancy
 19081 | Lair:2   | Reached *** piety under Kikubaaqudgha
 19081 | Lair:2   | Received a gift from Kikubaaqudgha
 19771 | Lair:2   | Reached skill level 10 in Spellcasting
 19790 | Lair:1   | Reached skill level 10 in Dodging
 20064 | Lair:2   | Found a hole to the Spider Nest.
 20077 | Lair:2   | Identified the +6 sling "Lauch" {flame, rC- rN+ Dex+4}
 20484 | Lair:2   | Found a staircase to the Shoals.
 21282 | Lair:2   | Learned a level 5 spell: Borgnjor's Vile Clutch
 21287 | Lair:2   | Learned a level 4 spell: Anguish
 21292 | Lair:2   | Learned a level 4 spell: Martyr's Knell
 21545 | Lair:3   | Reached **** piety under Kikubaaqudgha
 21761 | Lair:3   | Gained mutation: You are mostly covered in slimy green
                  | scales. (AC +3) [demonic ancestry]
 21761 | Lair:3   | Reached XP level 13. HP: 88/106 MP: 21/27
 21918 | Lair:3   | Reached skill level 13 in Necromancy
 21949 | Lair:3   | Reached skill level 1 in Earth Magic
 22902 | Lair:4   | Found a frozen archway.
 23270 | Lair:5   | Entered Level 5 of the Lair of Beasts
 23846 | Lair:5   | Found a transporter.
 23928 | Lair:5   | Found a staircase to the Slime Pits.
 23975 | Lair:5   | Found a viscous altar of Jiyva.
 24046 | Lair:5   | Reached ***** piety under Kikubaaqudgha
 24199 | Lair:5   | Noticed MuppetCentipede's ghost (journeyman MiMo)
 24206 | Lair:5   | Identified the +5 scale mail of the Harp {Str+4}
 24431 | Lair:5   | Reached skill level 14 in Necromancy
 24759 | Lair:5   | Gained mutation: You have a pair of large antennae on your
                  | head. (SInv) [demonic ancestry]
 24759 | Lair:5   | Reached XP level 14. HP: 84/113 MP: 12/29
 24906 | Lair:5   | Found a transporter.
 25168 | Lair:5   | Reached skill level 5 in Earth Magic
 25318 | Lair:5   | Identified the ring "Ukyegh" {Ice Will++}
 28191 | D:12     | Gained mutation: Your body sometimes deteriorates upon
                  | taking damage. [a neqoxec]
 28671 | D:12     | Reached skill level 1 in Armour
 28949 | D:13     | Noticed Rupert
 28963 | D:13     | Paralysed by Rupert for 3 turns
 28969 | D:13     | Paralysed by Rupert for 4 turns
 28976 | D:13     | Killed Rupert
 29572 | D:13     | Reached skill level 1 in Shields
 30422 | D:13     | Found Veased's General Store.
 30430 | D:13     | Found Wunacw's Armour Shoppe.
 31295 | D:14     | Reached skill level 15 in Necromancy
 31992 | D:13     | Reached ****** piety under Kikubaaqudgha
 33335 | D:14     | Found a gate to the Vaults.
 33392 | D:15     | Entered Level 15 of the Dungeon
 33481 | D:15     | Gained mutation: You are mostly covered in sharp spines.
                  | [demonic ancestry]
 33481 | D:15     | Reached XP level 15. HP: 86/118 MP: 9/31
 33785 | D:15     | Found Pynnanle's Book Shoppe.
 34225 | D:15     | Found a runed translucent gate.
 34225 | D:15     | Found a runed translucent gate.
 34225 | D:15     | Found a runed translucent gate.
 34229 | D:15     | Noticed Byod's ghost (journeyman DrBe)
 34251 | D:15     | Reached skill level 1 in Evocations
 34788 | D:15     | Identified the ring of Vomi Asat {+Blink rN+ Str+3 SInv}
 35532 | D:15     | Found a staircase to the Depths.
 35962 | D:1      | Bought a brightly glowing scimitar for 207 gold pieces
 35962 | D:1      | Identified the +7 scimitar "Newt's Death Toll" {antimagic,
                  | rC+ Str+3} (You bought it in a shop on level 1 of the
                  | Dungeon)
 36125 | Orc:1    | Entered Level 1 of the Orcish Mines
 36128 | Orc:1    | Found a burning altar of Makhleb.
 36601 | Orc:1    | Found a burning altar of Makhleb.
 37076 | Orc:2    | Entered Level 2 of the Orcish Mines
 37385 | Orc:2    | Noticed Saint Roka
 37650 | Orc:2    | Noticed Josephine
 38045 | Orc:1    | Killed Saint Roka
 38046 | Orc:1    | Reached skill level 5 in Armour
 38291 | Orc:2    | Killed Josephine
 38634 | Orc:2    | Noticed Jorgrun
 38649 | Orc:2    | Killed Jorgrun
 39549 | Orc:2    | Found a staircase to the Elven Halls.
 39966 | Orc:2    | Found Innirph's Antique Weapon Shop.
 39969 | Orc:2    | Found Mohujuif's Antique Armour Boutique.
 40081 | Orc:2    | Bought an encrusted morningstar for 315 gold pieces
 40081 | Orc:2    | Identified the +1 morningstar of Collusion {protect, rF-
                  | rCorr Str+4 Int+3} (You bought it in a shop on level 2 of
                  | the Orcish Mines)
 40177 | Orc:2    | Reached skill level 16 in Necromancy
 40362 | Orc:2    | Found Kaal's Armour Boutique.
 40833 | Orc:2    | Found Fuitidi's Book Shoppe.
 41380 | Elf:1    | Entered Level 1 of the Elven Halls
 41482 | Elf:1    | Found Afon Soh's Weapon Shoppe.
 41537 | Elf:1    | Received a gift from Kikubaaqudgha (forbidden knowledge)
 41545 | Elf:1    | Learned a level 6 spell: Death Channel
 41612 | Elf:1    | Found Gene's General Store.
 41826 | Elf:1    | Found Xiroiklu's Jewellery Boutique.
 41891 | Elf:1    | Found a crumbling gateway.
 41985 | Elf:1    | Found Cydghommo's Antique Armour Shop.
 42075 | Elf:1    | Noticed a deep elf sorcerer
 42093 | Elf:1    | Killed a deep elf sorcerer
 42094 | Elf:1    | Reached skill level 5 in Evocations
 42231 | Elf:1    | Found Tuvymmuu's Magic Scroll Shoppe.
 42334 | Elf:1    | Bought a scroll of identify for 34 gold pieces
 42334 | Elf:1    | Bought a scroll of identify for 34 gold pieces
 42334 | Elf:1    | Bought a scroll of identify for 34 gold pieces
 42340 | Elf:1    | Bought a scroll of fog for 68 gold pieces
 42617 | Elf:1    | Gained mutation: Armour fits poorly on your strangely
                  | shaped body. [a neqoxec]
 43109 | Elf:1    | Gained mutation: You are completely covered in sharp
                  | spines. [demonic ancestry]
 43109 | Elf:1    | Reached XP level 16. HP: 79/125 MP: 18/33
 43627 | Elf:1    | Paralysed by an air elemental for 1 turns
 43638 | Elf:1    | Paralysed by an air elemental for 1 turns
 43646 | Elf:1    | Slain by a +4 vampiric glaive

Illustrated notes

Levels and vault maps discovered:
D:1:      psy_arrival_radial01, layout_loops_ring, serial_shops, shop,
          st_stairs_2, minmay_crystal_water, minivault_4, minmay_heptomino_d4
D:2:      layout_basic, chequers_serial_rivers_room_b,
          kennysheep_generic_room_16
D:3:      layout_loops_ring, mainiacjoe_overflow_small_starburst,
          dreamdust_ecumenical_altar_hidden_monk_grotto, uniq_jessica
D:4:      nicolae_BIG_FREAKIN_CUBE, layout_cave_pools, zin_purify,
          minmay_temple_entry_offerings, minmay_door_square, minmay_checkerbox,
          uniq_eustachio, uniq_crazy_yiuf_cottage
D:5:      layout_loops_ring, nicolae_uskayaw_dance_hall,
          mainiacjoe_overflow_paths, serial_shops, nicolae_shop_back_alley_shop,
          shop, nicolae_shop_real_fake_doors, amcnicky_mini_pool_small,
          skrybe_limestone_x, nicolae_specific_store, uniq_pikel, uniq_edmund
D:6:      lemuel_ratsnest, layout_loops_cross, slow_altar_1, minmay_shop_damaged
D:7:      layout_rooms, mainiacjoe_overflow_boulevard, st_stairs_11,
          uniq_menkaure
D:8:      minmay_curly_fans, layout_loops_ring, mainiacjoe_overflow_brackets,
          nicolae_vehumet_altar_sigil, enter_bailey_5
D:9:      layout_roguey, uniq_erica
D:10:     layout_irregular_city, hellmonk_lair_entry_icy,
          minmay_orc_entry_temple_small
D:11:     layout_loops_ring, uniq_grum
D:12:     layout_long_grid, nicolae_neqoxec_dot_bat
D:13:     layout_cave_pods, nicolae_wooded_promenade, uniq_rupert
D:14:     layout_cave_pools, erik_vaults_2
D:15:     grunt_enter_depths_hoard, layout_basic, gammafunk_ghost_hydra_chop,
          nicolae_inconvenience_store
Temple:   compressed_dpeg_circular_temple
Lair:1:   gammafunk_lair_enchanted_lake, layout_chaotic_city,
          gammafunk_ghost_necromancy, grunt_forest_stairs_basic, uniq_nergalle,
          uniq_gastronok
Lair:2:   layout_regular_city, minmay_shoals_entry_beasts,
          hellmonk_spider_entry_not_the_bees, cheibrodos_lair_caveside_slide,
          grunt_megastairs_5, lemuel_fruit_tree
Lair:3:   layout_chaotic_city
Lair:4:   layout_big_grid, portal_ice_cave_demonic_guard
Lair:5:   grunt_lair_end_beastmaster, layout_hall_layers,
          minmay_slime_entry_pillars, gammafunk_ghost_berserking_beasts,
          infiniplex_staircase_pool_2, serial_bayou_shore_b
Orc:1:    layout_diamond_mine, basic_altar, bloody_makhleb
Orc:2:    grunt_orc_community_town_hall, layout_diamond_mine,
          grunt_orc_community_big_house_2, grunt_orc_community_big_house_2,
          grunt_orc_community_house_1, grunt_orc_community_house_2,
          grunt_orc_community_house_2, grunt_orc_community_house_3, basic_altar,
          uniq_jorgrun, uniq_josephine, uniq_saint_roka
Elf:1:    layout_loops_corners, portal_desolation_entry_garden, serial_shops,
          nicolae_shop_hallway_stairs, nicolae_shop_scrapyard,
          nicolae_shop_tiny_real_fake_doors, nicolae_shop_behind_doors,
          nicolae_shop_trees, special_room [special_room_orc],
          kennysheep_underground_church, hellmonk_elf_help

Skill      XL: |  1  2  3  4  5  6  7  8  9 10 11 12 13 14 15 16 |
---------------+-------------------------------------------------+-----
Dodging        | 2 3 4 5 6 8 9 10 11 12 | 12.0
Stealth        | 2 |  2.0
Fighting       | 1 2 3 4 5 7 8 9 11 | 11.1
Necromancy     | 5 6 7 9 10 11 12 14 15 16 | 16.5
Spellcasting   | 3 4 5 6 8 9 10 11 12 13 | 13.8
Earth Magic    | 4 7 |  7.0
Armour         | 3 6 |  6.8
Shields        | 3 |  3.2
Evocations     | 5 6 |  6.0

Action                     |  1- 3 |  4- 6 |  7- 9 | 10-12 | 13-15 | 16-18 || total
---------------------------+-------+-------+-------+-------+-------+-------++-------
  Melee: Club              |    12 |       |       |       |       |       ||    12
         Quarterstaff      |     1 |       |       |       |       |       ||     1
         Dagger            |       |    10 |   122 |    66 |       |       ||   198
         Trident           |       |       |       |   264 |   780 |    11 ||  1055
         Punch             |       |       |       |     4 |    10 |       ||    14
   Cast: Necrotise         |    63 |    57 |   115 |    55 |    21 |       ||   311
         Vampiric Draining |       |     9 |    54 |   133 |    83 |       ||   279
         Animate Dead      |       |       |     1 |    14 |    16 |       ||    31
         Curse of Agony    |       |       |       |    21 |    48 |       ||    69
         Anguish           |       |       |       |       |    51 |     2 ||    53
         Borgnjor's Vile C |       |       |       |       |   209 |    10 ||   219
 Invoke: Receive Forbidden |       |       |       |       |     1 |       ||     1
  Evoke: Wand              |       |       |     4 |     1 |       |     2 ||     7
    Use: Scroll            |       |       |       |    11 |    13 |     1 ||    25
         Potion            |       |       |       |     3 |     3 |       ||     6
   Stab: Sleeping          |       |       |     2 |       |       |       ||     2
         Distracted        |       |       |       |     1 |     9 |       ||    10
 Armour: Robe              |    13 |    10 |    42 |   148 |   445 |       ||   658
         Steam dragon scal |       |       |    26 |   127 |       |       ||   153
         Troll leather arm |       |       |       |       |   225 |    32 ||   257
  Dodge: Dodged            |    16 |    18 |   152 |   698 |  1447 |    28 ||  2359
  Block: Buckler           |       |       |       |       |   177 |     6 ||   183
